 Dungeon Crawl Stone Soup version 0.28-a0-845-gfc338a8e3c (webtiles) character file.

Game seed: 5568441546347116348

1924 Crownlay the Cleaver (level 8, -7/64 HPs)
             Began as a Minotaur Fighter on Nov 12, 2021.
             Was a Follower of Okawaru.
             Mangled by Joseph (18 damage)
             ... on level 7 of the Dungeon.
             The game lasted 00:11:54 (7020 turns).

Crownlay the Cleaver (Minotaur Fighter)             Turns: 7020, Time: 00:11:55

Health: -7/64      AC: 11    Str: 24    XL:     8   Next: 96%
Magic:  7/9        EV: 11    Int:  5    God:    Okawaru [*.....]
Gold:   419        SH:  5    Dex:  9    Spells: 7/7 levels left

rFire   . . .      SeeInvis .   a - +0 war axe
rCold   . . .      Faith    +   c - +0 buckler
rNeg    . . .      Spirit   .   b - +0 scale mail
rPois   +          Reflect  .   (helmet restricted)
rElec   .          Harm     .   (no cloak)
rCorr   .          Rampage  .   h - +0 pair of gloves
Will    +....                   x - +0 pair of boots
Stlth   +.........              k - amulet of faith
HPRegen 0.20/turn               u - ring of willpower
MPRegen 0.11/turn               A - ring of poison resistance

@: mighty, heroic
A: horns 2, retaliatory headbutt
a: Renounce Religion, Heroism


You were on level 7 of the Dungeon.
You worshipped Okawaru.
Okawaru was aware of your devotion.
You visited 2 branches of the dungeon, and saw 8 of its levels.

You collected 419 gold pieces.

Inventory:

Hand Weapons
 a - a +0 war axe (weapon)
Missiles
 w - 2 silver boomerangs (quivered)
Armour
 b - a +0 scale mail (worn)
 c - a +0 buckler (worn)
 h - a +0 pair of gloves (worn)
 x - a +0 pair of boots (worn)
 B - a +0 kite shield
Jewellery
 k - an amulet of faith (around neck)
 o - a ring of willpower
 u - a ring of willpower (left hand)
 A - a ring of poison resistance (right hand)
Wands
 y - a wand of digging (3)
Scrolls
 e - a scroll of vulnerability
 f - a scroll of magic mapping {unknown}
 g - a scroll of summoning {unknown}
 i - 2 scrolls of immolation
 l - 5 scrolls of identify
 m - 2 scrolls of holy word
 p - a scroll of acquirement {unknown}
 q - 5 scrolls of teleportation
 s - a scroll of torment {unknown}
 t - a scroll of amnesia {unknown}
 z - a scroll of enchant armour {unknown}
 D - a scroll of enchant weapon {unknown}
Potions
 d - 2 potions of might
 j - 3 potions of curing
 n - a potion of ambrosia {unknown}
 r - 3 potions of resistance
 v - a potion of mutation {unknown}
 C - a potion of flight {unknown}


   Skills:
 - Level 3.6(8.6) Fighting
 * Level 13.0(18.0) Axes
 - Level 3.6(8.6) Armour
 - Level 4.0(9.0) Shields
 + Level 3.6 Invocations


You had 7 spell levels left.
You didn't know any spells.
Your spell library was empty.

Dungeon Overview and Level Annotations

Branches:
Dungeon (7/15)             Temple (1/1) D:6

Altars:
Ashenzari
Elyvilon
Fedhas
Gozag
Nemelex Xobeh
Okawaru
Wu Jian
Xom
The Shining One

Shops:
D:4 *   D:5 *

Annotations:
D:7 Joseph


Innate Abilities, Weirdness & Mutations

You have a pair of horns on your head.
You reflexively headbutt those who attack you in melee.


Message History

The howler monkey hoots and howls with incredible vigour!
Something shouts, "Get thee hence, thou puking miscreant tinkerer!"
You gain the combat prowess of a mighty hero.
You block Joseph's attack.
You hit Joseph. Your headbutt misses Joseph.
Joseph is heavily wounded.
You slash the howler monkey!
You kill the howler monkey!
Okawaru accepts your kill.
You slash the howler monkey! Joseph hits you but does no damage.
The howler monkey hits you but does no damage.
You hit Joseph.
Joseph is heavily wounded.
You slash the howler monkey!
You kill the howler monkey!
Okawaru accepts your kill.
Joseph hits you with a +4 vorpal quarterstaff.
* * * LOW HITPOINT WARNING * * *
x2 A white imp comes into view.
You feel better. You block Joseph's attack.
You feel very mighty all of a sudden. You block Joseph's attack.
You hit Joseph.
Joseph is severely wounded.
Joseph closely misses you. You furiously retaliate!
You headbutt Joseph! You closely miss Joseph. Your headbutt misses Joseph.
Joseph is almost dead.
The white imp gestures at you. The puff of frost hits you.
* * * LOW HITPOINT WARNING * * *
Your scale mail prevents you from hitting Joseph.
Your headbutt misses Joseph.
Joseph is almost dead.
Joseph hits you with a +4 vorpal quarterstaff.
* * * LOW HITPOINT WARNING * * *
x2 The white imp gestures at you.
The puff of frost misses you.
You feel better.
Joseph hits you with a +4 vorpal quarterstaff!!
You die...

#.................
.......
#..........#.......
..###
##..###..#.....#....
..
#..##.......[.......
#..##..##.#.........
#...................
##....####.#.........
#....####..@†........
#....###..5†@........
#..#.....####........
####...h.####........
#......$..........
#....#####........
#...h# ######...
#.##.# #.. #....# ##
....##


You could see Joseph and a white imp.

Vanquished Creatures
  A steam dragon (D:7)
  An acid dragon (D:7)
  An ice beast (D:7)
  A sky beast (D:4)
  4 black bears
  A centaur (D:7)
  A phantom (D:7)
  A gnoll sergeant (D:5)
  2 bullfrogs (D:7)
  A scorpion (D:5)
  6 howler monkeys (D:7)
  4 orc priests
  A hound (D:6)
  A centaur skeleton (D:7)
  3 iguanas
  3 orc wizards
  4 gnolls (D:5)
  5 adders
  An ufetubus (D:6)
  3 worms
  6 dart slugs
  8 orcs
  5 endoplasms
  5 giant cockroaches
  6 goblins
  6 hobgoblins
  2 jackals (D:1)
  4 quokkas
  4 ball pythons
  3 bats
  3 frilled lizards
  9 kobolds
  A quokka skeleton (D:4)
  6 rats
113 creatures vanquished.

Notes
Turn   | Place    | Note
-------+----------+-------------------------------------------
     0 | D:1      | Crownlay the Minotaur Fighter began the quest for the Orb.
     0 | D:1      | Reached XP level 1. HP: 19/19 MP: 0/0
    52 | D:1      | Reached skill level 3 in Axes
    84 | D:1      | Reached XP level 2. HP: 26/26 MP: 1/1
   256 | D:1      | Reached skill level 4 in Axes
   782 | D:2      | Reached XP level 3. HP: 31/31 MP: 2/2
  1461 | D:2      | Found a shimmering altar of Xom.
  1672 | D:2      | Found a faded altar of an unknown god.
  1913 | D:2      | Reached skill level 5 in Axes
  2115 | D:3      | Reached XP level 4. HP: 26/39 MP: 3/3
  2450 | D:3      | Found a shimmering altar of Xom.
  2784 | D:3      | Found an opulent altar of Gozag.
  2784 | D:3      | Found an ornate altar of the Wu Jian Council.
  3109 | D:3      | Reached skill level 6 in Axes
  3459 | D:4      | Reached XP level 5. HP: 45/45 MP: 4/4
  3531 | D:4      | Found Humaiqe's Gadget Gallery.
  3853 | D:4      | Noticed a sky beast
  3866 | D:4      | Killed a sky beast
  3867 | D:4      | Reached skill level 7 in Axes
  4008 | D:4      | Found a glowing golden altar of the Shining One.
  4086 | D:5      | Entered Level 5 of the Dungeon
  4114 | D:5      | Noticed a black bear
  4123 | D:5      | Killed a black bear
  4124 | D:5      | Reached XP level 6. HP: 31/51 MP: 5/5
  4290 | D:5      | Reached skill level 8 in Axes
  4390 | D:5      | Found Ohestruch's General Store.
  4852 | D:5      | Reached skill level 9 in Axes
  4860 | D:5      | Reached XP level 7. HP: 8/57 MP: 6/6
  5849 | D:6      | Reached skill level 10 in Axes
  5940 | D:6      | Reached skill level 11 in Axes
  5940 | D:6      | Reached XP level 8. HP: 64/64 MP: 7/7
  6228 | D:6      | Found a staircase to the Ecumenical Temple.
  6237 | Temple   | Entered the Ecumenical Temple
  6261 | Temple   | Became a worshipper of Warmaster Okawaru
  6342 | D:7      | Reached skill level 1 in Invocations
  6351 | D:7      | Reached skill level 12 in Axes
  6729 | D:7      | Reached * piety under Okawaru
  6992 | D:7      | Noticed Joseph
  7010 | D:7      | Reached skill level 13 in Axes
  7019 | D:7      | HP: 3/64 [Joseph (1)]
  7020 | D:7      | Mangled by Joseph

Illustrated notes

Levels and vault maps discovered:
D:1:      dpeg_arrival_rooms_c, layout_basic
D:2:      layout_loops_corners, basic_altar,
          shapermc_ecumenical_altar_totnotflames, minmay_quadrilaterals
D:3:      layout_basic, mainiacjoe_overflow_divided_tiny, amcnicky_altar_gilded,
          grunt_ministairs_14, st_stairs_4
D:4:      layout_basic, lemuel_doored_altar, nicolae_shop_gadgets
D:5:      layout_basic, serial_shops, nicolae_stop_n_shop_2
D:6:      layout_cave_pools, temple_fountains,
          amcnicky_mini_rare_corridor_liquid, kennysheep_small_circle
D:7:      layout_rooms, uniq_joseph
Temple:   regret_index_temple_waves

Skill      XL: |  1  2  3  4  5  6  7  8 |
---------------+-------------------------+-----
Axes           | 3 4 5 6 7 9 11 13 | 13.0
Shields        | 4 |  4.0
Invocations    | 3 |  3.6
Fighting       | |  3.6
Armour         | |  3.6

Action                   |  1- 3 |  4- 6 |  7- 9 || total
-------------------------+-------+-------+-------++-------
Melee: War axe           |    98 |    97 |   124 ||   319
       Headbutt          |    15 |    19 |    31 ||    65
Throw: Boomerang         |       |       |     2 ||     2
Invok: Heroism           |       |       |     1 ||     1
  Use: Scroll            |     1 |     4 |     1 ||     6
       Potion            |       |       |     3 ||     3
Armor: Scale mail        |    47 |    40 |    80 ||   167
Dodge: Dodged            |    41 |    40 |    48 ||   129
Block: Buckler           |    19 |    17 |    25 ||    61

Table legend: (Time is in decaauts)
 A = Elapsed time spent in this place.
 B = Non-inter-level travel time spent in this place.
 C = Inter-level travel time spent in this place.
 D = Time resting spent in this place.
 E = Time spent auto-exploring this place.
 F = Levels seen in this place.
 G = Mean time per level.
                   A        B        C        D        E       F      G
               +--------+--------+--------+--------+--------+-----+--------+
         Total |   7057 |   6899 |    158 |      0 |   6054 |   8 |  882.1 |
       Dungeon |   7008 |   6873 |    135 |      0 |   6041 |   7 | 1001.1 |
        Temple |     49 |     26 |     23 |      0 |     13 |   1 |   49.0 |
               +--------+--------+--------+--------+--------+-----+--------+

Top non-repeatable levels by time:
     D:5: 1617 daAuts
     D:2: 1551 daAuts
     D:3: 1205 daAuts
     D:6: 871 daAuts
     D:4: 786 daAuts
     D:1: 581 daAuts
     D:7: 394 daAuts
  Temple: 49 daAuts
